 Dungeon Crawl Stone Soup version 0.29.1-15-g9cfb28693d (webtiles) character file.

Game seed: 14651661383672564039

1588 protoss039 the Digger (level 8, 0/63 HPs)
             Began as a Demonspawn Earth Elementalist on Mar 8, 2023.
             Slain by a manticore (10 damage)
             ... on level 6 of the Dungeon.
             The game lasted 00:11:30 (8277 turns).

protoss039 the Digger (DsEE)                        Turns: 8277, Time: 00:11:30

Health: 0/63       AC: 13    Str:  8    XL:     8   Next: 61%
Magic:  8/16       EV: 11    Int: 25    God:
Gold:   389        SH:  0    Dex: 14    Spells: 11/17 levels left

rFire   . . .      SeeInvis .   G - +0 spear (venom)
rCold   . . .      Faith    .   (no shield)
rNeg    . . .      Spirit   .   a - +0 leather armour
rPois   .          Reflect  .   (no helmet)
rElec   .          Harm     .   (no cloak)
rCorr   .          Rampage  .   (no gloves)
Will    +....                   j - +0 pair of boots
Stlth   ++........              (no amulet)
HPRegen 0.20/turn               x - ring of willpower
MPRegen 0.15/turn               z - +6 ring of intelligence

@: mighty, spiked, sanguine armoured
A: claws 1, powered by pain 1, sanguine armour 2
a: no special abilities


You were on level 6 of the Dungeon.
You visited 1 branch of the dungeon, and saw 6 of its levels.
You also visited: Sewer.

You collected 389 gold pieces.

Inventory:

Hand Weapons
 y - a +1 rapier of protection
 G - a +0 spear of venom (weapon)
Armour
 a - a +0 leather armour (worn)
 j - a +0 pair of boots (worn)
 k - a +0 ring mail
Jewellery
 x - a ring of willpower (left claw)
 z - a +6 ring of intelligence (right claw)
Wands
 w - a wand of acid (4)
 C - a wand of paralysis (15)
 E - a wand of flame (7)
Scrolls
 c - 3 scrolls of blinking
 d - a scroll of enchant armour
 e - a scroll of torment {unknown}
 g - 2 scrolls of amnesia
 h - 5 scrolls of teleportation
 i - 2 scrolls of vulnerability {unknown}
 n - a scroll of silence {unknown}
 p - 2 scrolls of poison {unknown}
 q - a scroll of noise {unknown}
 r - a scroll of fog {unknown}
 s - a scroll of magic mapping {unknown}
 v - a scroll of enchant weapon {unknown}
 D - a scroll of immolation {unknown}
Potions
 b - 2 potions of magic
 f - 3 potions of curing
 l - a potion of heal wounds
 m - a potion of cancellation {unknown}
 o - 6 potions of flight
 t - a potion of mutation
 u - 2 potions of brilliance {unknown}
 A - 2 potions of resistance {unknown}
 F - a potion of invisibility {unknown}


   Skills:
 + Level 5.4 Fighting
 - Level 1.7 Dodging
 - Level 1.7 Stealth
 + Level 5.4 Spellcasting
 + Level 4.8 Conjurations
 - Level 0.8 Transmutations
 + Level 5.7 Earth Magic


You had 11 spell levels left.
You knew the following spells:

 Your Spells              Type           Power      Damage    Failure   Level
a - Sandblast             Erth           70%        2d15      1%          1
b - Passwall              Tmut/Erth      19%        N/A       4%          2
c - Stone Arrow           Conj/Erth      66%        3d11      4%          3

Your spell library contained the following spells:

 Spells                   Type           Power      Damage    Failure   Level
 Petrify                  Tmut/Erth      23%        N/A       30%         4
 Summon Guardian Golem    Hex/Summ       6%         N/A       34%         3
 Orb of Destruction       Conj           15%        9d7       100%        7
 Spellforged Servitor     Conj/Summ      9%         N/A       100%        7


Dungeon Overview and Level Annotations

Branches:
Dungeon (6/15) Zot: 26204   Sewer (visited)
 Temple: D:4-7

Altars:

Annotations:
D:4 Edmund


Innate Abilities, Weirdness & Mutations

You have sharp fingernails.
You sometimes gain a little power by taking damage.
When seriously injured, your blood forms thick armour. (AC +9)


Message History

Press: ? - help, Shift-Dir - straight line, f/p - bullfrog
Aim: a bullfrog (almost dead, very poisoned, 67% to hit)
The stone arrow hits the bullfrog!
You kill the bullfrog!
The manticore flicks its tail.
The volley of spikes hits you!
The barbed spikes become lodged in your body.
Casting: Stone Arrow (dangerous; 4% risk of failure)
Confirm with . or Enter, or press ? or * to list all spells.
Aiming: Sandblast (safe; 1% risk of failure)
Press: ? - help, Shift-Dir - straight line, f - manticore
Aim: a manticore (90% to hit)
The blast of sand hits the manticore!
The manticore is moderately wounded.
The manticore bites you!
You focus on the pain.
You feel your power returning.
Your blood congeals into armour.
The manticore barely misses you.
The manticore claws you but does no damage.
Casting: Sandblast (safe; 1% risk of failure)
Confirm with . or Enter, or press ? or * to list all spells.
Aiming: Stone Arrow (dangerous; 4% risk of failure)
Press: ? - help, Shift-Dir - straight line, f/p - manticore
Aim: a manticore (moderately wounded, 84% to hit)
The stone arrow hits the manticore!
The manticore is severely wounded.
The manticore bites you!!
* * * LOW HITPOINT WARNING * * *
You focus on the pain.
You feel very mighty all of a sudden. The manticore claws you!
* * * LOW HITPOINT WARNING * * *
The manticore misses you.
Casting: Stone Arrow (dangerous; 4% risk of failure)
Confirm with . or Enter, or press ? or * to list all spells.
Aiming: Stone Arrow (dangerous; 4% risk of failure)
Press: ? - help, Shift-Dir - straight line, f/p - manticore
Aim: a manticore (severely wounded, 84% to hit)
The stone arrow hits the manticore!
The manticore is almost dead.
The manticore bites you!
You die...

###.# +#####..#### ...#.#.
##.# ##'#..## ...###... ##..#
##....# #### #... #..##
+....#### #... #.## ##).##..##
#... #.# ##'##....## #... #.#
##..##.....# #... #.#
##....#...#.####... #.#####
#H@...#####....#... ......#
#..##..## ####....# ####.##
+.. #### ##.... # #.# #.
##..... #.########
############...### ##
#........# #.............####
.#
#############...###.###.......
.#
#######................######
.####.......################


You could see a manticore.

Vanquished Creatures
  Grinder (D:3)
  Eustachio (D:4)
  A water moccasin (D:5)
  A black bear (D:5)
  2 phantoms
  3 scorpions (D:4)
  A bullfrog (D:6)
  A necrophage (D:5)
  A jelly (D:6)
  An orc priest (D:6)
  3 iguanas
  Ijyb (D:4)
  3 orc wizards
  Terence (D:3)
  A gnoll (D:4)
  12 adders
  2 river rats (Sewer)
  A shadow imp (D:5)
  2 white imps (D:5)
  2 ufetubi
  A worm (D:2)
  A dart slug (D:1)
  31 orcs
  8 endoplasms
  8 giant cockroaches
  7 goblins
  8 hobgoblins
  9 jackals
  8 quokkas
  16 ball pythons
  12 bats
  7 frilled lizards
  7 kobolds
  3 rats
167 creatures vanquished.

Vanquished Creatures (others)
  An orc wizard (D:5)
1 creature vanquished.

Grand Total: 168 creatures vanquished

Notes
Turn   | Place    | Note
-------+----------+-------------------------------------------
     0 | D:1      | protoss039 the Demonspawn Earth Elementalist began the
                  | quest for the Orb.
     0 | D:1      | Reached XP level 1. HP: 13/13 MP: 3/3
   402 | D:1      | Found a faded altar of an unknown god.
   478 | D:1      | Gained mutation: When seriously injured, your blood forms
                  | armour. (AC +9) [demonic ancestry]
   478 | D:1      | Reached XP level 2. HP: 17/20 MP: 1/5
   608 | D:1      | Reached skill level 1 in Fighting
  1163 | D:1      | Learned a level 2 spell: Passwall
  1914 | D:2      | Reached XP level 3. HP: 26/26 MP: 3/6
  2433 | D:2      | Learned a level 3 spell: Stone Arrow
  2666 | D:3      | Found a glowing drain.
  2678 | D:3      | Reached XP level 4. HP: 30/33 MP: 2/8
  2706 | Sewer    | Entered a sewer
  3783 | D:3      | Reached skill level 1 in Conjurations
  3804 | D:3      | Noticed Terence
  3880 | D:3      | Gained mutation: You have sharp fingernails. [demonic
                  | ancestry]
  3880 | D:3      | Reached XP level 5. HP: 39/39 MP: 6/9
  4264 | D:3      | Noticed Grinder
  4278 | D:3      | Paralysed by Grinder for 3 turns
  4284 | D:3      | Paralysed by Grinder for 5 turns
  4289 | D:3      | Killed Grinder
  4290 | D:3      | Reached XP level 6. HP: 33/47 MP: 0/11
  4579 | D:3      | Killed Terence
  5056 | D:4      | Noticed Edmund
  5276 | D:4      | Noticed Ijyb
  5279 | D:4      | Killed Ijyb
  5368 | D:4      | Gained mutation: When seriously injured, your blood forms
                  | thick armour. (AC +9) [demonic ancestry]
  5368 | D:4      | Reached XP level 7. HP: 53/53 MP: 5/13
  5598 | D:4      | Noticed Eustachio
  5607 | D:4      | Killed Eustachio
  5944 | D:5      | Entered Level 5 of the Dungeon
  6008 | D:5      | Reached skill level 5 in Earth Magic
  6272 | D:5      | Gained mutation: You sometimes gain a little power by
                  | taking damage. [demonic ancestry]
  6272 | D:5      | Reached XP level 8. HP: 56/61 MP: 4/15
  7162 | D:5      | Reached skill level 5 in Fighting
  7162 | D:5      | Reached skill level 5 in Spellcasting
  7863 | D:6      | Noticed an angel
  8272 | D:6      | Noticed a manticore
  8277 | D:6      | Slain by a manticore

Illustrated notes

Levels and vault maps discovered:
D:1:      saegor_arrival_simple_d, layout_basic,
          shapermc_ecumenical_altar_mp_ritualfount
D:2:      layout_basic, grunt_decor_fettered
D:3:      layout_loops_corners, portal_sewer_entry_a, uniq_grinder, uniq_terence
D:4:      kennysheep_six_static_rooms, layout_cave_pools, uniq_edmund,
          uniq_ijyb, uniq_eustachio
D:5:      layout_basic, roderic_serpentine_path
D:6:      minmay_bubble_buster, layout_rooms, zin_angel

Skill      XL: |  1  2  3  4  5  6  7  8 |
---------------+-------------------------+-----
Fighting       | 1 2 3 4 5 |  5.4
Earth Magic    | 3 4 5 |  5.7
Spellcasting   | 3 4 5 |  5.4
Conjurations   | 1 2 3 4 |  4.8
Dodging        | |  1.7
Stealth        | |  1.7
Transmutations | |  0.8

Action                   |  1- 3 |  4- 6 |  7- 9 || total
-------------------------+-------+-------+-------++-------
Melee: Dagger            |     8 |       |       ||     8
       Short sword       |    13 |       |       ||    13
       Rapier            |     5 |       |     3 ||     8
       Flail             |    18 |    35 |     1 ||    54
       Punch             |       |     1 |       ||     1
       Spear             |       |       |     7 ||     7
 Cast: Sandblast         |    57 |    75 |    50 ||   182
       Passwall          |     1 |       |       ||     1
       Stone Arrow       |       |    18 |    55 ||    73
Evoke: Wand              |       |       |     1 ||     1
  Use: Scroll            |     3 |     3 |     1 ||     7
       Potion            |       |     3 |       ||     3
 Stab: Sleeping          |     1 |     1 |       ||     2
Armor: Robe              |    10 |       |       ||    10
       Leather armour    |    27 |    50 |    16 ||    93
Dodge: Dodged            |    83 |    60 |    30 ||   173
